 Dungeon Crawl Stone Soup version 0.24.1-14-gf8d2b509d9 (console) character file.

Game seed: 7187061269527496568, levelgen mode: deterministic

10 Kagalorn the Grasshopper (level 2, 0/23 HPs)
             Began as a Barachi Warper on Aug 12, 2020.
             Slain by a goblin
             ... wielding a +0 club
              (4 damage)
             ... on level 1 of the Dungeon.
             The game lasted 00:01:11 (294 turns).

Kagalorn the Grasshopper (Barachi Warper)            Turns: 294, Time: 00:01:12

Health: 0/23       AC:  3    Str: 12    XL:     2   Next: 20%
Magic:  5/5        EV: 12    Int: 13    God:
Gold:   0          SH:  0    Dex: 11    Spells: 5/5 levels left

rFire    . . .     SeeInvis .     - Unarmed
rCold    . . .     Gourm    .   (no shield)
rNeg     . . .     Faith    .   a - +0 leather armour
rPois    .         Spirit   .   (no helmet)
rElec    .         Reflect  .   (no cloak)
rCorr    .         Harm     .   (no gloves)
MR       .....                  (no boots)
Stlth    +.........             (no amulet)
HPRegen  0.07/turn              (no ring)
MPRegen  0.09/turn              (no ring)

@: slow
A: +LOS, swims, slowness 1, strong legs 1
a: Hop


You were on level 1 of the Dungeon.
You were not hungry.

You visited 1 branch of the dungeon, and saw 2 of its levels.

Inventory:

Missiles
 d - 5 boomerangs of dispersal (quivered)
Armour
 a - a +0 leather armour (worn)
Jewellery
 b - an uncursed ring of flight {unknown}
Scrolls
 c - a scroll of blinking
 g - a scroll of identify {unknown}
 i - a scroll of immolation {unknown}
Potions
 e - a potion of heal wounds {unknown}
 h - a potion of invisibility {unknown}
Comestibles
 f - a ration


   Skills:
 + Level 2.8 Fighting
 - Level 1.0 Throwing
 - Level 1.2 Armour
 - Level 2.1 Dodging
 * Level 2.9 Unarmed Combat
 - Level 2.1 Spellcasting
   Level 3.2 Translocations


You had 5 spell levels left.
You didn't know any spells.
Your spell library contained the following spells:

 Spells                   Type           Power        Failure   Level  Hunger
 Blink                    Tloc           N/A          12%         2    ###....
 Shroud of Golubria       Chrm/Tloc      #.....       24%         2    ###....
 Gell's Gravitas          Tloc           #.........   24%         3    ####...
 Lesser Beckoning         Tloc           #.........   24%         3    ####...
 Teleport Other           Tloc           #.......     24%         3    ####...
 Passage of Golubria      Tloc           N/A          63%         4    #####..


Dungeon Overview and Level Annotations

Branches:
Dungeon (2/15)

Altars:


Innate Abilities, Weirdness & Mutations

Shadows flee at your approach. (+LOS)
You can swim through water.
You cover ground slowly.
You can hop short distances.


Message History

The hobgoblin is severely wounded.
The hobgoblin barely misses you.
You hit the hobgoblin.
The hobgoblin is almost dead.
The hobgoblin hits you.
* * * LOW HITPOINT WARNING * * *
You hit the hobgoblin but do no damage.
The hobgoblin is almost dead.
The hobgoblin misses you.
You hit the hobgoblin.
You kill the hobgoblin!
There is a stone staircase leading up here.
You climb upwards.
There is a stone staircase leading down here.
A goblin comes into view. It is wielding a +0 club.
A goblin is nearby!
You hit the goblin.
The goblin is moderately wounded.
The goblin hits you with a +0 club.
You die...

#.####.# #.##
#......######...
###.............
#.............
#...##########
#####...#
........
#.......#
.#######
#.####..# # #@#
...# # #g# #.#.#
# #.# #.#.#
###### #.#
.#####..... #..
###.......## #.#
##......###..
#..
#...†###.....
#..
#...#......##
#..
#...#.....###


You could see a goblin.

Vanquished Creatures
  A dart slug (D:1)
  A bat (D:1)
  A giant cockroach (D:1)
  A goblin (D:1)
  2 hobgoblins
  A frilled lizard (D:1)
7 creatures vanquished.

Notes
Turn   | Place    | Note
-------+----------+-------------------------------------------
     0 | D:1      | Kagalorn the Barachi Warper began the quest for the Orb.
     0 | D:1      | Reached XP level 1. HP: 17/17 MP: 3/3
   193 | D:1      | Reached XP level 2. HP: 17/23 MP: 5/5
   294 | D:1      | Slain by a goblin

Levels and vault maps discovered:
D:1:      dpeg_arrival_oval, layout_loops_ring, serial_forest,
          infiniplex_forest_end_2, infiniplex_forest_fountain,
          infiniplex_forest_lined_corner, infiniplex_forest_lined_room_2,
          infiniplex_forest_straight_3, infiniplex_forest_3_way,
          infiniplex_forest_zigzag_1, infiniplex_forest_clump_medium,
          infiniplex_forest_clump_small, infiniplex_forest_end_2
D:2:      layout_basic

Action                   || total
-------------------------++-------
Melee: Unarmed           ||    41
Armor: Leather armour    ||    12
Dodge: Dodged            ||    20
